 Dungeon Crawl Stone Soup version 0.21-a0-271-ge7f0487 (webtiles) character file.

136246 Lavandula the Impaler (level 16, 0/133 HPs)
             Began as a Ghoul Warper on Sept 14, 2017.
             Was the Champion of Cheibriados.
             Slain by a wolf spider (20 damage)
             ... on level 4 of the Spider Nest on Sept 15, 2017.
             The game lasted 02:16:13 (12592 turns).

Lavandula the Impaler (Ghoul Warper)               Turns: 12592, Time: 02:16:13

Health: 0/133      AC: 13    Str: 40    XL:     16   Next: 89%
Magic:  6/26       EV: 22    Int: 24    God:    Cheibriados [******]
Gold:   833        SH:  0    Dex: 23    Spells: 5/30 levels left

rFire    . . .     SeeInvis +   P - +5 glaive (flame)
rCold    + . .     Gourm    .   (shield currently unavailable)
rNeg     + + +     Faith    .   N - +0 troll leather armour
rPois    ∞         Spirit   .   z - +2 helmet
rElec    .         Reflect  .   V - +0 cloak
rCorr    .         Harm     +   Z - +1 pair of gloves
MR       +....                  m - +2 pair of boots
Stlth    ++........             X - amulet of harm
HPRegen  0.00/turn              s - ring of the Rose {EV+2 Str+4}
MPRegen  0.20/turn              G - ring of see invisible

@: very slightly contaminated, rotting, very slow
A: rotting body, claws 1, carnivore 3, cold resistance 1, negative energy
resistance 3, inhibited regeneration, torment resistance, unbreathing
}: 1/15 runes: decaying
a: Bend Time, Temporal Distortion, Slouch, Step From Time, Renounce Religion


You were on level 4 of the Spider Nest.
You worshipped Cheibriados.
Cheibriados was exalted by your worship.
You were not hungry.

You visited 6 branches of the dungeon, and saw 28 of its levels.
You visited 1 bazaar.
You also visited: Ossuary.

You collected 2299 gold pieces.
You spent 1466 gold pieces at shops.

Inventory:

Hand Weapons
 P - a +5 glaive of flaming (weapon)
Missiles
 d - 4 tomahawks of dispersal
 F - 4 javelins of returning (quivered)
 U - a throwing net
Armour
 m - a +2 pair of boots (worn)
 z - a +2 helmet (worn)
 N - a +0 troll leather armour (worn)
 T - a +0 ring mail of positive energy
 V - a +0 cloak (worn)
 Z - a +1 pair of gloves (worn)
Magical Staves
 K - an uncursed staff of cold
Jewellery
 s - the ring of the Rose (left hand) {EV+2 Str+4}
   (You found it on level 5 of the Dungeon)

   [ring of evasion]

   It affects your evasion (+2).
   It affects your strength (+4).
 w - a +2 ring of protection
 D - an uncursed ring of wizardry
 G - a ring of see invisible (right hand)
 H - an uncursed ring of protection from cold
 J - an uncursed ring of fire
 X - an amulet of harm (around neck)
Wands
 g - a wand of clouds (3/9)
 p - a wand of confusion (0/48)
 q - a wand of flame (26/48)
 C - a wand of flame (35/48)
 I - a wand of acid (0/15)
 S - a wand of enslavement (7/24)
 W - a wand of confusion (13/48)
Scrolls
 c - 7 scrolls of blinking
 k - 5 scrolls of magic mapping
 o - 8 scrolls of teleportation
 t - 4 scrolls of fog
 u - 8 scrolls of remove curse
 v - a scroll of fear
 x - 3 scrolls of amnesia
 y - 4 scrolls of immolation
 B - 2 scrolls of recharging
 L - a scroll of vulnerability
 M - a scroll of silence
Potions
 a - a potion of magic {unknown}
 e - 4 potions of agility
 h - 4 potions of curing
 j - 4 potions of flight
 l - 3 potions of might
 n - a potion of cancellation {unknown}
 r - 2 potions of invisibility
 Y - a potion of heal wounds
Books
 b - a book of Spatial Translocations

   Spells                             Type                      Level
   a - Blink                          Translocation                2
   b - Shroud of Golubria             Charms/Translocation         2
   c - Lesser Beckoning               Translocation                3
   d - Gell's Gravitas                Translocation                3
   e - Teleport Other                 Translocation                3
   f - Passage of Golubria            Translocation                4
 E - a book of Misfortune

   Spells                             Type                      Level
   a - Confusing Touch                Hexes                        1
   b - Confuse                        Hexes                        3
   c - Gell's Gravitas                Translocation                3
   d - Petrify                        Transmutation/Earth          4
   e - Metabolic Englaciation         Hexes/Ice                    5
   f - Yara's Violent Unravelling     Hexes/Transmutation          5
 O - a book of Cantrips

   Spells                             Type                      Level
   a - Confusing Touch                Hexes                        1
   b - Animate Skeleton               Necromancy                   1
   c - Summon Small Mammal            Summoning                    1
   d - Apportation                    Translocation                1
 R - a book of Air

   Spells                             Type                      Level
   a - Shock                          Conjuration/Air              1
   b - Swiftness                      Charms/Air                   2
   c - Static Discharge               Conjuration/Air              3
   d - Airstrike                      Air                          4
   e - Lightning Bolt                 Conjuration/Air              5
Comestibles
 f - 11 meat rations
 A - 4 royal jellies


   Skills:
 - Level 9.6 Fighting
 - Level 15.0 Polearms
 - Level 3.0 Throwing
 - Level 0.8 Armour
 - Level 8.6 Dodging
 - Level 12.2 Unarmed Combat
 - Level 7.8 Spellcasting
 - Level 6.6 Conjurations
 + Level 6.1 Summonings
 - Level 5.6 Translocations
 - Level 5.0 Transmutations
 - Level 3.8 Air Magic
 - Level 9.8 Invocations


You had 5 spell levels left.
You knew the following spells:

 Your Spells              Type           Power        Failure   Level  Hunger
a - Blink                 Tloc           N/A          1%          2    None
b - Shroud of Golubria    Chrm/Tloc      ###.......   3%          2    None
c - Teleport Other        Tloc           #####...     1%          3    None
d - Passage of Golubria   Tloc           N/A          7%          4    ###....
e - Lesser Beckoning      Tloc           #####.....   1%          3    None
f - Irradiate             Conj/Tmut      #####.....   17%         5    #####..
g - Apportation           Tloc           #####.       1%          1    None
h - Animate Skeleton      Necr           N/A          7%          1    None
i - Summon Lightning Spi  Summ/Air       ####....     9%          4    ###....


Dungeon Overview and Level Annotations

Branches:
Dungeon (13/15)            Temple (1/1) D:4            Lair (4/6) D:9
  Swamp (4/4) Lair:4       Spider (4/4) Lair:3          Orc (2/2) D:11
    Elf (0/3) Orc:2
 Vaults: D:13-14

Altars:
Cheibriados
Elyvilon
Fedhas
Hepliaklqana
Makhleb
Nemelex Xobeh
Qazlal
Sif Muna
Uskayaw
Wu Jian
Zin
Beogh

Shops:
D:4 *   D:7 :   D:11 ([   Orc:1 ?   Orc:2 [:*(*

Annotations:
D:6 WhatIsLove's ghost, novice DrTm
Lair:1 exclusion: hydra
Lair:4 Josephine; Snorg
Swamp:3 mara!
Swamp:4 Donald; Louise


Innate Abilities, Weirdness & Mutations

Your body is rotting away.
You thrive on raw meat.
You are immune to poison.
You have sharp fingernails.
You are carnivorous and can eat meat at any time.
Your flesh is cold resistant. (rC+)
You are immune to negative energy. (rN+++)
You do not regenerate when monsters are visible.
You are immune to unholy pain and torment.
You can survive without breathing.


Message History

* * * LOW HITPOINT WARNING * * *
The wolf spider closely misses you. The wolf spider hits you.
* * * LOW HITPOINT WARNING * * *
The wolf spider bites you.
* * * LOW HITPOINT WARNING * * *
Evoke which item? (* to show all) (? for menu, Esc to quit)
Okay, then.
You feel better. The wolf spider barely misses you.
The wolf spider completely misses you.
Unknown command.
Evoke which item? (* to show all) (? for menu, Esc to quit)
Okay, then.
Evoke which item? (* to show all) (? for menu, Esc to quit)
Aiming: Cloud Cone
Press: ? - help, Dir - move target cursor, f - wolf spider
Aim: a wolf spider (severely wounded, clinging)
You create a blast of noxious fumes!
This wand has 3 charges left.
The wolf spider is engulfed in noxious fumes.
The wolf spider hits you!
You die...

##.. #...# .## ##.
#††.# # #..†# #..†# ##
# #§§§# #^#
#.^#####§§§#####^.#
#^..^..§§§s.)...#
###.....§s########
#....###@.^....##
#..#..# ##....(..######
.....####
#..##.^.###.#.# ..#..
#...###.......## . #..
##...##^.^.....# #.
#....#..##...## ## .#.
#..####..#...#
.....#.../.####...####
..........^##.^..###..#


You could see an emperor scorpion and a wolf spider.

Vanquished Creatures
  2 thorn hunters (Swamp:2)
  2 ghost moths (Spider:4)
  3 emperor scorpions
  5 entropy weavers
  A spark wasp (Spider:4)
  The ghost of quacklin the Zephyrmancer, a journeyman DrAE of Sif Muna (Lair:3)
  3 ice dragons (Swamp:4)
  Harold (Lair:1)
  4 hydras
  A centaur warrior (D:13)
  3 ghost crabs (Swamp:3)
  18 two-headed ogres
  4 ogre magi (Orc:2)
  6 alligators
  The ghost of soonmide the Arsonist, a novice DrFE of Sif Muna (D:9)
  A queen ant (Spider:3)
  Urug (Lair:4)
  Sonja (Lair:2)
  2 unseen horrors (D:13)
  7 swamp dragons
  Pikel (D:5)
  3 orc sorcerers (Orc:2)
  11 orb spiders
  14 wolf spiders
  2 ugly things
  A moth of wrath (Spider:4)
  3 cyclopes
  5 elephants (Lair:4)
  2 black mambas
  Psyche (D:11)
  A gargoyle (D:12)
  4 komodo dragons
  14 spiny frogs
  2 torpor snails (Spider:3)
  3 kobold demonologists (D:12)
  6 demonic crawlers
  3 freezing wraiths (Swamp:4)
  15 jumping spiders
  4 tyrant leeches
  8 hornets
  6 trolls
  A polar bear (Lair:3)
  4 bog bodies
  4 slime creatures
  5 hippogriffs
  45 redbacks
  3 spriggans
  4 shadows
  5 wraiths
  18 tarantellas
  A vampire (D:13)
  7 yaks
  3 basilisks
  3 swamp worm simulacra (Swamp:4)
  15 vampire mosquitoes
  3 hungry ghosts
  Menkaure (D:6)
  9 insubstantial wisps
  A warg (Orc:2)
  12 swamp worms
  16 soldier ants (Spider:3)
  An acid dragon (D:13)
  2 hell hounds (D:9)
  2 water moccasins
  13 hydra simulacra (Swamp:4)
  6 porcupines
  4 swamp drakes (Swamp:2)
  6 black bears
  3 slaves
  4 ice beasts
  15 orc warriors
  2 necrophages
  25 ogres
  7 wolves
  4 crocodiles
  4 big kobolds
  An elf zombie (Ossuary)
  6 bullfrogs
  A wyvern skeleton (D:12)
  4 scorpions
  9 killer bees
  7 wights
  A howler monkey (D:12)
  2 electric eels (Lair:2)
  3 crimson imps
  2 centaur zombies
  2 jellies
  A human zombie (Ossuary)
  3 bullfrog skeletons
  8 hounds
  10 orc priests
  15 orc wizards
  A centaur skeleton (D:12)
  2 iguanas
  26 worker ants
  2 big kobold zombies (Ossuary)
  A hound skeleton (D:6)
  2 mummies (Ossuary)
  2 worker ant zombies
  3 gnolls
  A howler monkey skeleton (D:5)
  A river rat (Lair:2)
  8 adders
  A shadow imp (D:5)
  4 swamp drake simulacra (Swamp:4)
  3 adder zombies
  An adder skeleton (D:4)
  2 worms (D:3)
  A dart slug (D:1)
  5 leopard geckos
  58 orcs
  6 giant cockroaches
  3 goblins
  5 hobgoblins
  11 jackals
  19 kobolds
  4 quokkas
  2 bats (D:1)
  2 frilled lizards
  A goblin zombie (Ossuary)
  9 hobgoblin zombies (Ossuary)
  2 jackal zombies
  9 kobold zombies (Ossuary)
  A leopard gecko skeleton (D:5)
  8 orc zombies (Ossuary)
  A quokka skeleton (D:4)
  5 rats
  3 rat zombies (Ossuary)
724 creatures vanquished.

Vanquished Creatures (collateral kills)
  Arachne (Spider:4)
  2 emperor scorpions (Spider:4)
  An entropy weaver (Spider:4)
  The ghost of ciphuk the Sharpshooter, a journeyman KoHu of Dithmenos (Lair:3)
  A hydra (Swamp:2)
  2 alligators
  A swamp dragon (Swamp:3)
  A spriggan druid (Swamp:3)
  2 wolf spiders
  4 orb spiders
  A demonic crawler (Spider:4)
  A freezing wraith (Swamp:4)
  2 jumping spiders (Spider:4)
  3 redbacks
  A tarantella (Spider:4)
  2 swamp worms
  An insubstantial wisp (Swamp:4)
  2 hydra simulacra (Swamp:4)
  A worker ant (Spider:3)
  A swamp drake simulacrum (Swamp:4)
  An orc (Orc:1)
32 creatures vanquished.

Vanquished Creatures (others)
  A jumping spider (Spider:4)
  A tarantella (Spider:3)
  A slave (D:6)
  A worker ant (Spider:3)
  2 fungi (Lair:3)
6 creatures vanquished.

Grand Total: 762 creatures vanquished

Notes
Turn   | Place    | Note
-------+----------+-------------------------------------------
     0 | D:1      | Lavandula the Ghoul Warper began the quest for the Orb.
     0 | D:1      | Reached XP level 1. HP: 17/17 MP: 2/2
    29 | D:1      | Reached XP level 2. HP: 12/24 MP: 3/3
   143 | D:1      | Learned a level 2 spell: Blink
   146 | D:1      | Learned a level 2 spell: Shroud of Golubria
   309 | D:2      | Found a faded altar of an unknown god.
   314 | D:2      | Noticed an ogre
   319 | D:2      | Killed an ogre
   319 | D:2      | Reached skill level 5 in Unarmed Combat
   319 | D:2      | Reached XP level 3. HP: 29/29 MP: 4/4
   319 | D:2      | Reached XP level 4. HP: 36/36 MP: 5/5
   473 | D:3      | Reached XP level 5. HP: 41/41 MP: 6/6
   559 | D:4      | Found a burning altar of Makhleb.
   566 | D:4      | Found a glowing silver altar of Zin.
   566 | D:4      | Noticed a cacodemon
   566 | D:4      | Noticed an angel
   777 | D:4      | Reached XP level 6. HP: 47/47 MP: 2/7
   788 | D:5      | Entered Level 5 of the Dungeon
   866 | D:5      | Got a scintillating lead ring
   867 | D:5      | Identified the ring of the Rose {EV+2 Str+4} (You found it on level 5 of the Dungeon)
  1021 | D:4      | Found a staircase to the Ecumenical Temple.
  1059 | Temple   | Entered the Ecumenical Temple
  1077 | Temple   | Became a worshipper of Cheibriados the Contemplative
  1155 | D:4      | Found Acser's General Store.
  1158 | D:4      | Bought a scroll of remove curse for 36 gold pieces
  1438 | D:3      | Found a deep blue altar of Sif Muna.
  1947 | D:4      | Bought a wand of clouds (3/9) for 252 gold pieces
  1997 | D:5      | Reached XP level 7. HP: 37/59 MP: 5/8
  2036 | D:6      | Noticed Menkaure
  2048 | D:6      | Killed Menkaure
  2048 | D:6      | Reached skill level 5 in Fighting
  2172 | D:6      | Noticed Pikel
  2173 | D:6      | Noticed WhatIsLove's ghost (novice DrTm)
  2200 | D:5      | Learned a level 3 spell: Teleport Other
  2274 | D:5      | Killed Pikel
  2274 | D:5      | Reached skill level 5 in Dodging
  2274 | D:5      | Reached XP level 8. HP: 57/69 MP: 5/9
  2354 | D:5      | Reached * piety under Cheibriados
  2576 | D:6      | Found a burning altar of Makhleb.
  2819 | D:7      | Found a sand-covered staircase.
  2830 | Ossuary  | Entered an ossuary
  2940 | Ossuary  | Reached ** piety under Cheibriados
  2945 | Ossuary  | Reached XP level 9. HP: 50/75 MP: 0/10
  3349 | D:7      | Reached *** piety under Cheibriados
  3392 | D:7      | Found Ivi Gimp's Book Shop.
  3631 | D:8      | Got a dazzling hand axe
  3632 | D:8      | Identified the +7 hand axe "Zovuh" {freeze, -Tele rPois Int+2 Dex+4} (You found it on level 8 of the Dungeon)
  3668 | D:8      | Reached skill level 10 in Unarmed Combat
  3675 | D:8      | Learned a level 4 spell: Passage of Golubria
  3727 | D:8      | Noticed a two-headed ogre
  3754 | D:8      | Killed a two-headed ogre
  3780 | D:8      | Noticed a two-headed ogre
  3797 | D:8      | Killed a two-headed ogre
  3797 | D:8      | Reached XP level 10. HP: 63/83 MP: 5/11
  4087 | D:9      | Noticed soonmide's ghost (novice DrFE)
  4202 | D:9      | Reached **** piety under Cheibriados
  4235 | D:9      | Found a sparkling altar of Nemelex Xobeh.
  4289 | D:9      | Found a staircase to the Lair.
  4534 | D:10     | Entered Level 10 of the Dungeon
  4903 | D:11     | Noticed a two-headed ogre
  4910 | D:11     | Killed a two-headed ogre
  4978 | D:11     | Reached ***** piety under Cheibriados
  4982 | D:11     | Reached XP level 11. HP: 90/97 MP: 6/12
  5066 | D:11     | Noticed a cyclops
  5071 | D:11     | Killed a cyclops
  5101 | D:11     | Found Keppenam's Weapon Emporium.
  5112 | D:11     | Found a staircase to the Orcish Mines.
  5141 | D:11     | Found Ynaotom's Armour Emporium.
  5153 | D:11     | Bought a +2 glaive of flaming for 308 gold pieces
  5182 | D:11     | Noticed Psyche
  5190 | D:11     | Killed Psyche
  5190 | D:11     | Reached skill level 1 in Polearms
  5251 | D:11     | Reached skill level 2 in Polearms
  5408 | D:11     | Noticed a green ugly thing
  5418 | D:11     | Killed a green ugly thing
  5418 | D:11     | Reached skill level 3 in Polearms
  5632 | D:12     | Reached skill level 4 in Polearms
  5686 | D:12     | Reached skill level 5 in Polearms
  5755 | D:12     | Reached skill level 6 in Polearms
  5895 | D:12     | Noticed a cyclops
  5899 | D:12     | Killed a cyclops
  5946 | D:12     | Learned a level 3 spell: Lesser Beckoning
  5967 | D:12     | Found a hazy altar of Hepliaklqana.
  5978 | D:12     | Noticed a green ugly thing
  5984 | D:12     | Killed a green ugly thing
  6069 | D:13     | Noticed a centaur warrior
  6079 | D:13     | Killed a centaur warrior
  6079 | D:13     | Reached skill level 5 in Translocations
  6079 | D:13     | Reached XP level 12. HP: 43/104 MP: 10/14
  6105 | D:13     | Found a flickering gateway to a bazaar.
  6119 | Bazaar   | Entered a bazaar
  6119 | Bazaar   | Found Faenuh's Gadget Shoppe.
  6119 | Bazaar   | Found Pypahepe's Book Boutique.
  6119 | Bazaar   | Found Noxoutz's General Store.
  6119 | Bazaar   | Found Ujeonikh's Jewellery Shop.
  6121 | Bazaar   | Found Sutzeac's Antique Armour Emporium.
  6164 | Bazaar   | Bought a scroll of teleportation for 21 gold pieces
  6164 | Bazaar   | Bought an uncursed ring of wizardry for 210 gold pieces
  6164 | Bazaar   | Bought a scroll of teleportation for 21 gold pieces
  6164 | Bazaar   | Bought a scroll of identify for 14 gold pieces
  6164 | Bazaar   | Bought a potion of curing for 21 gold pieces
  6344 | D:13     | Learned a level 5 spell: Irradiate
  6391 | D:13     | Reached skill level 1 in Conjurations
  6452 | D:13     | Noticed a death knight
  6480 | D:13     | Found a hide-covered altar of Uskayaw.
  6559 | Orc:1    | Entered Level 1 of the Orcish Mines
  6566 | Orc:1    | Found a roughly hewn altar of Beogh.
  6600 | Orc:1    | Reached skill level 1 in Invocations
  6632 | Orc:1    | Found Doqa's Magic Scroll Emporium.
  6635 | Orc:1    | Bought a scroll of fear for 38 gold pieces
  6635 | Orc:1    | Bought a scroll of identify for 22 gold pieces
  6635 | Orc:1    | Bought a scroll of identify for 22 gold pieces
  6635 | Orc:1    | Bought a scroll of identify for 22 gold pieces
  6773 | Orc:2    | Entered Level 2 of the Orcish Mines
  6773 | Orc:2    | Found a roughly hewn altar of Beogh.
  6800 | Orc:2    | Paralysed by an orc sorcerer for 2 turns
  6846 | Orc:2    | Reached ****** piety under Cheibriados
  6997 | Orc:2    | Noticed a two-headed ogre
  6999 | Orc:2    | Noticed a two-headed ogre
  7007 | Orc:2    | Killed a two-headed ogre
  7007 | Orc:2    | Reached skill level 5 in Invocations
  7011 | Orc:2    | Noticed a two-headed ogre
  7017 | Orc:2    | Killed a two-headed ogre
  7019 | Orc:2    | Killed a two-headed ogre
  7021 | Orc:2    | Noticed a two-headed ogre
  7032 | Orc:2    | Killed a two-headed ogre
  7036 | Orc:2    | Noticed an ogre mage
  7041 | Orc:2    | Noticed a two-headed ogre
  7048 | Orc:2    | Noticed a two-headed ogre
  7049 | Orc:2    | Noticed an ogre mage
  7049 | Orc:2    | Noticed a two-headed ogre
  7076 | Orc:2    | Killed a two-headed ogre
  7084 | Orc:2    | Killed a two-headed ogre
  7084 | Orc:2    | Reached XP level 13. HP: 80/111 MP: 3/18
  7114 | Orc:2    | Reached skill level 7 in Polearms
  7289 | Orc:2    | Noticed an ogre mage
  7302 | Orc:2    | Paralysed by an ogre mage for 7 turns
  7311 | Orc:2    | Killed an ogre mage
  7311 | Orc:2    | Reached skill level 8 in Polearms
  7420 | Orc:2    | Reached skill level 9 in Polearms
  7496 | Orc:2    | Noticed an ogre mage
  7497 | Orc:2    | Paralysed by an ogre mage for 2 turns
  7500 | Orc:2    | Killed an ogre mage
  7505 | Orc:2    | Reached skill level 10 in Polearms
  7539 | Orc:2    | Found Xaufuga's Book Emporium.
  7539 | Orc:2    | Found Iwak's Weapon Shop.
  7540 | Orc:2    | Found Firarrixy's General Store.
  7540 | Orc:2    | Found Dotaepid's General Store.
  7549 | Orc:2    | Learned a level 1 spell: Apportation
  7555 | Orc:2    | Bought a scroll of summoning for 95 gold pieces
  7555 | Orc:2    | Bought a scroll of identify for 20 gold pieces
  7555 | Orc:2    | Bought a wand of enslavement (9/24) for 110 gold pieces
  7557 | Orc:2    | Bought a scroll of enchant armour for 112 gold pieces
  7557 | Orc:2    | Bought a scroll of fog for 30 gold pieces
  7557 | Orc:2    | Bought a scroll of enchant armour for 112 gold pieces
  7679 | Orc:2    | Found a staircase to the Elven Halls.
  7693 | Orc:2    | Found Jyikieri's Armour Emporium.
  7854 | D:9      | Killed soonmide's ghost
  7882 | Lair:1   | Entered Level 1 of the Lair of Beasts
  7953 | Lair:2   | Noticed Harold
  7956 | Lair:2   | Noticed Sonja
  7972 | Lair:1   | Killed Harold
  8251 | Lair:2   | Reached skill level 11 in Polearms
  8274 | Lair:2   | Killed Sonja
  8521 | Lair:3   | Reached XP level 14. HP: 98/118 MP: 18/20
  8825 | Lair:3   | Noticed ciphuk's ghost (journeyman KoHu)
  8913 | Lair:4   | Noticed Urug
  8921 | Lair:4   | Killed Urug
  8921 | Lair:4   | Reached skill level 12 in Polearms
  8944 | Lair:4   | Found a staircase to the Swamp.
  8956 | Swamp:1  | Entered Level 1 of the Swamp
  9409 | Swamp:2  | Noticed a thorn hunter
  9422 | Swamp:2  | Killed a thorn hunter
  9422 | Swamp:2  | Reached skill level 5 in Spellcasting
  9426 | Swamp:2  | Learned a level 1 spell: Animate Skeleton
  9480 | Swamp:2  | Noticed a thorn hunter
  9495 | Swamp:2  | Killed a thorn hunter
  9565 | Swamp:2  | Learned a level 4 spell: Summon Lightning Spire
  9571 | Swamp:2  | Reached skill level 1 in Summonings
  9609 | Swamp:3  | Reached skill level 1 in Air Magic
  9692 | Swamp:3  | Reached XP level 15. HP: 124/124 MP: 23/25
  9744 | Swamp:3  | Noticed Mara
  9754 | Swamp:3  | Noticed Lavandula's illusion
  9931 | Swamp:4  | Entered Level 4 of the Swamp
  9979 | Swamp:4  | Reached skill level 13 in Polearms
 10182 | Swamp:4  | Got a decaying rune of Zot
 10252 | Swamp:4  | Noticed Donald
 10254 | Swamp:4  | Noticed Louise
 10512 | Lair:4   | Reached skill level 14 in Polearms
 10531 | Lair:4   | Noticed Snorg
 10533 | Lair:4   | Noticed Josephine
 10546 | Lair:3   | Noticed quacklin's ghost (journeyman DrAE)
 10555 | Lair:3   | Killed quacklin's ghost
 10568 | Lair:3   | Found a hole to the Spider Nest.
 10634 | Lair:3   | Killed ciphuk's ghost
 10634 | Lair:3   | Reached skill level 1 in Throwing
 10683 | Spider:1 | Entered Level 1 of the Spider Nest
 10744 | Spider:1 | Noticed an emperor scorpion
 10903 | Spider:2 | Noticed an emperor scorpion
 10911 | Spider:2 | Killed an emperor scorpion
 10911 | Spider:2 | Reached skill level 1 in Transmutations
 10945 | Spider:2 | Noticed an emperor scorpion
 10956 | Spider:2 | Killed an emperor scorpion
 11246 | Spider:3 | Reached skill level 5 in Conjurations
 11421 | Spider:2 | Reached XP level 16. HP: 113/133 MP: 24/26
 11814 | Spider:3 | Reached skill level 5 in Transmutations
 12077 | Spider:4 | Entered Level 4 of the Spider Nest
 12495 | Spider:4 | Reached skill level 15 in Polearms
 12516 | Spider:4 | Noticed Arachne
 12524 | Spider:4 | Killed Arachne
 12534 | Spider:4 | Reached skill level 5 in Summonings
 12592 | Spider:4 | Slain by a wolf spider

Vault maps used:
D:1:      scummos_arrival_simple_fountains
D:2:      chequers_ecumenical_altar_simple
D:3:      led_sif_pool, mrwooster_statue_mirror
D:4:      grunt_temple_overflow_order_and_chaos_2, minmay_temple_entry_glass,
          serial_shops, nicolae_shop_trees
D:5:      first_bread
D:6:      grunt_temple_overflow_open, makhleb_blood_cavern_becter, uniq_pikel,
          uniq_menkaure
D:7:      enter_ossuary_1, serial_shops, shop
D:9:      kennysheep_mini_moat, minmay_lair_entry_lava
D:10:     grunt_livestock, minmay_misc_feat_doors
D:11:     orc_david_3, uniq_psyche
D:12:     basic_altar
D:13:     basic_altar, serial_shops, bzr_entry_water
Temple:   nicolae_temple_elliptical
Lair:2:   serial_bayou_lagoon_a, pond, infiniplex_staircase_pool,
          lemuel_fruit_tree, uniq_harold, uniq_sonja
Lair:3:   nicolae_spider_entry_orb_guardian
Lair:4:   swamp_mist_pool, uniq_josephine, uniq_snorg, uniq_urug
Swamp:1:  nicolae_swamp_very_dense_foliage, swamp_pool4
Swamp:2:  hangedman_swamp_cone, swamp_pool4
Swamp:3:  nicolae_swamp_fairy_circle, uniq_mara
Swamp:4:  swamp_icy, uniq_donald, uniq_louise
Spider:1: uniq_aizul
Spider:2: hangedman_spider_tarantella_strand
Spider:3: nicolae_spider_webs_and_nodes, zaba_antful_of_joy
Spider:4: johnstein_spider_rune_arachne_lair
Orc:1:    serial_shops, nicolae_shop_behind_doors, basic_altar
Orc:2:    st_orc_ogre_mass, basic_altar, serial_shops, nicolae_shop_trees,
          guppyfry_library_mini
Bazaar:   bazaar_minmay_generic_island
Ossuary:  ossuary_tomb_1

Skill      XL: |  1  2  3  4  5  6  7  8  9 10 11 12 13 14 15 16 |
---------------+-------------------------------------------------+-----
Unarmed Combat | 5 6 7 12 | 12.2
Fighting       | 4 5 9 |  9.6
Dodging        | 5 6 7 8 |  8.6
Translocations | 4 5 |  5.6
Polearms       | 6 11 12 14 15 | 15.0
Spellcasting   | 2 4 7 |  7.8
Conjurations   | 3 5 6 |  6.6
Invocations    | 8 9 |  9.8
Summonings     | 2 4 6 |  6.1
Air Magic      | 3 |  3.8
Throwing       | 3 |  3.0
Transmutations | 2 5 |  5.0
Armour         | |  0.8

Action                   |  1- 3 |  4- 6 |  7- 9 | 10-12 | 13-15 | 16-18 || total
-------------------------+-------+-------+-------+-------+-------+-------++-------
Melee: Unarmed           |    81 |   159 |   370 |   507 |   189 |       ||  1306
       Punch             |     1 |     3 |    16 |    40 |    16 |       ||    76
       Glaive            |       |       |       |     6 |   557 |   254 ||   817
Throw: Javelin           |       |       |       |       |    17 |     7 ||    24
       Tomahawk          |       |       |       |       |     1 |       ||     1
 Cast: Shroud of Golubri |       |     2 |    23 |    43 |    71 |     7 ||   146
       Blink             |       |     2 |     9 |    14 |    22 |     7 ||    54
       Passage of Golubr |       |       |       |     5 |    14 |     4 ||    23
       Teleport Other    |       |       |       |     1 |       |       ||     1
       Lesser Beckoning  |       |       |       |       |     1 |     1 ||     2
       Animate Skeleton  |       |       |       |       |    24 |       ||    24
       Apportation       |       |       |       |       |    23 |    11 ||    34
       Summon Lightning  |       |       |       |       |    15 |    21 ||    36
       Irradiate         |       |       |       |       |       |     4 ||     4
Invok: Slouch            |       |       |       |     3 |    13 |     6 ||    22
       Bend Time         |       |       |       |       |     4 |       ||     4
       Temporal Distorti |       |       |       |       |     1 |       ||     1
Evoke: Wand              |       |       |     1 |     7 |     3 |     7 ||    18
       Box of beasts     |       |       |       |     2 |       |       ||     2
  Use: Potion            |       |     2 |       |       |     1 |     3 ||     6
       Scroll            |       |     1 |    13 |    15 |     8 |     5 ||    42
 Stab: Confused          |       |       |     1 |       |       |       ||     1
       Distracted        |       |       |       |       |     9 |     5 ||    14
       Sleeping          |       |       |       |       |     3 |       ||     3
       Invisible         |       |       |       |       |       |     6 ||     6
       Held in net/web   |       |       |       |       |       |     4 ||     4
  Eat: Chunk             |     6 |    23 |    18 |    66 |   139 |    42 ||   294
Armor: Leather armour    |    20 |    27 |    82 |    26 |       |       ||   155
       Troll leather arm |       |       |       |    56 |   140 |    90 ||   286
       Robe              |       |       |       |       |    15 |       ||    15
Dodge: Dodged            |    44 |    88 |   248 |   449 |   666 |   355 ||  1850

Table legend:
 A = Spawn XP
 B = Non-spawn XP
 C = Spawn XP percentage of total XP
 D = Spawn monster count
 E = Non-spawn monster count
 F = Spawn count percentage of total count
 G = Total turns spent on level
                    A         B        C        D         E        F      G
               +---------+---------+-------+---------+---------+-------+---------
         Total |       0 |  176066 |   0.0 |       0 |     754 |   0.0 | 12592
               +---------+---------+-------+---------+---------+-------+---------
           D:1 |       0 |      28 |   0.0 |       0 |      16 |   0.0 |   219
           D:2 |       0 |     128 |   0.0 |       0 |       4 |   0.0 |   187
           D:3 |       0 |      42 |   0.0 |       0 |      14 |   0.0 |   474
           D:4 |       0 |     186 |   0.0 |       0 |      24 |   0.0 |   616
           D:5 |       0 |    1184 |   0.0 |       0 |      21 |   0.0 |   940
           D:6 |       0 |     526 |   0.0 |       0 |       9 |   0.0 |   261
           D:7 |       0 |     753 |   0.0 |       0 |      19 |   0.0 |   455
           D:8 |       0 |    2451 |   0.0 |       0 |      20 |   0.0 |   681
           D:9 |       0 |    2010 |   0.0 |       0 |      19 |   0.0 |   481
          D:10 |       0 |    1109 |   0.0 |       0 |      22 |   0.0 |   366
          D:11 |       0 |    4946 |   0.0 |       0 |      26 |   0.0 |   669
          D:12 |       0 |    5481 |   0.0 |       0 |      33 |   0.0 |   551
          D:13 |       0 |    5071 |   0.0 |       0 |      27 |   0.0 |   428
        Lair:1 |       0 |    2456 |   0.0 |       0 |       8 |   0.0 |   324
        Lair:2 |       0 |    2819 |   0.0 |       0 |      15 |   0.0 |   298
        Lair:3 |       0 |    5947 |   0.0 |       0 |      17 |   0.0 |   578
        Lair:4 |       0 |    6002 |   0.0 |       0 |      20 |   0.0 |   240
       Swamp:1 |       0 |    8234 |   0.0 |       0 |      23 |   0.0 |   367
       Swamp:2 |       0 |   17370 |   0.0 |       0 |      36 |   0.0 |   368
       Swamp:3 |       0 |    9751 |   0.0 |       0 |      22 |   0.0 |   335
       Swamp:4 |       0 |   10754 |   0.0 |       0 |      45 |   0.0 |   392
      Spider:1 |       0 |    4046 |   0.0 |       0 |      10 |   0.0 |   108
      Spider:2 |       0 |   12833 |   0.0 |       0 |      33 |   0.0 |   755
      Spider:3 |       0 |   20582 |   0.0 |       0 |      79 |   0.0 |   430
      Spider:4 |       0 |   26680 |   0.0 |       0 |      54 |   0.0 |   515
         Orc:1 |       0 |     880 |   0.0 |       0 |      16 |   0.0 |   231
         Orc:2 |       0 |   23488 |   0.0 |       0 |      83 |   0.0 |   987
       Ossuary |       0 |     309 |   0.0 |       0 |      39 |   0.0 |   247
               +---------+---------+-------+---------+---------+-------+---------
